 Dungeon Crawl Stone Soup version 0.29.0-4-gdea44cf6ec (webtiles) character file.

Game seed: 5465354296920549337

409 qw the Ruffian (level 6, 0/51 HPs)
             Began as a Ghoul Enchanter on Sept 5, 2022.
             Was an Initiate of Okawaru.
             Slain by an orc
             ... wielding a +0 whip
              (5 damage)
             ... on level 5 of the Dungeon.
             The game lasted 00:01:47 (3603 turns).

qw the Ruffian (Ghoul Enchanter)                    Turns: 3603, Time: 00:01:47

Health: 0/51       AC: 10    Str: 14    XL:     6   Next: 89%
Magic:  7/7        EV:  6    Int: 10    God:    Okawaru [......]
Gold:   305        SH:  0    Dex:  9    Spells: 8/8 levels left

rFire   . . .      SeeInvis .     - Unarmed
rCold   + . .      Faith    .   (no shield)
rNeg    + + +      Spirit   .   k - +0 chain mail
rPois   inf        Reflect  .   c - +0 helmet
rElec   .          Harm     .   j - +0 cloak
rCorr   .          Rampage  .   (no gloves)
Will    .....                   (no boots)
Stlth   ..........              (no amulet)
HPRegen 0.00/turn               (no ring)
MPRegen 0.10/turn               (no ring)

@: about to teleport, inhibited regen
A: claws 1, cold resistance 1, negative energy resistance 3, inhibited
regeneration, torment resistance 2, devour on kill
a: Renounce Religion


You were on level 5 of the Dungeon.
You worshipped Okawaru.
Okawaru was noncommittal.
You visited 1 branch of the dungeon, and saw 5 of its levels.

You collected 305 gold pieces.


Innate Abilities, Weirdness & Mutations

You are immune to poison.
You have sharp fingernails.
Your flesh is cold resistant. (rC+)
You are immune to negative energy. (rN+++)
You do not regenerate when monsters are visible.
You are immune to unholy pain and torment.
You thrive by killing the living.


   Skills:
 - Level 3.0 Fighting
 - Level 0.8 Short Blades
 - Level 1.4 Armour
 - Level 1.7 Dodging
 - Level 3.2 Stealth
 + Level 6.2 Unarmed Combat
 - Level 1.7 Spellcasting
 - Level 2.4 Hexes


You had 8 spell levels left.
You didn't know any spells.
Your spell library contained the following spells:

 Spells                   Type           Power      Damage    Failure   Level
 Ensorcelled Hibernation  Hex/Ice        6%         N/A       100%        2
 Confusing Touch          Hex            5%         N/A       100%        3
 Dazzling Flash           Conj/Hex       6%         N/A       100%        3
 Tukima's Dance           Hex            Unusable   N/A       N/A         3

Inventory:

Missiles
 h - 2 boomerangs (quivered)
Armour
 c - a +0 helmet (worn)
 d - a +0 buckler
 j - a +0 cloak (worn)
 k - a +0 chain mail (worn)
Scrolls
 m - a scroll of enchant weapon
 Y - a scroll of identify
Potions
 a - a potion of curing
 g - a potion of haste {unknown}
 i - a potion of cancellation {unknown}
 l - a potion of resistance {unknown}
 o - a potion of mutation {unknown}
 p - a potion of heal wounds {unknown}

Dungeon Overview and Level Annotations

Branches:
Dungeon (5/15)             Temple (0/1) D:4

Altars:
Ashenzari
Gozag
Hepliaklqana
Makhleb
Nemelex Xobeh
Okawaru
Qazlal
Yredelemnul

Shops:
D:5 *


Message History

Something hits you but does no damage.
You completely miss the ogre.
The ogre is severely wounded.
The ogre hits you with a +0 giant club! Something hits you but does no damage.
3593 ||| Stepping ~*~*~tactically~*~*~ (outnumbered).
You scratch the orc.
The orc is severely wounded.
Something hits you but does no damage.
3595 ||| Stepping ~*~*~tactically~*~*~ (outnumbered).
The orc priest begins to cast a cantrip, but forgets the words!
3596 ||| Stepping ~*~*~tactically~*~*~ (outnumbered).
The orc attacks as you move away! The orc hits you with a +0 whip.
3597 ||| Stepping ~*~*~tactically~*~*~ (outnumbered).
3598 ||| Stepping ~*~*~tactically~*~*~ (outnumbered).
A hound comes into view.
The hound barks!
3599 ||| Stepping ~*~*~tactically~*~*~ (outnumbered).
The orc attacks as you move away! The orc hits you but does no damage.
Something hits you but does no damage.
You scratch the orc.
You kill the orc!
Okawaru accepts your kill. The orc hits you but does no damage.
You hear some strange, mumbled words.
A magic dart appears from out of thin air!
The magic dart hits you.
3601 ||| READING scroll of teleportation.
As you read the scroll of teleportation, it crumbles to dust.
You feel strangely unstable. Something hits you.
The orc priest begins to cast a cantrip, but forgets the words!
The orc hits you but does no damage. The hound bites you but does no damage.
You claw the hound!
The hound is heavily wounded.
The hound bites you. Something hits you but does no damage.
The orc hits you but does no damage.
You barely miss the hound.
The hound is heavily wounded.
The hound closely misses you. The orc hits you with a +0 whip.
You die...

.... #. ....##. ....
#...#. ....... .....
#........ .. #...
.......... ...#...
...........
......>###..........
#..h@{O........?.
#...oo.........#
#..........\...#
#..............#
####...........#
#...........#
#......)....#
##:.............
#....#####.#....


You could see an ogre, a hound, an orc priest and an orc.

Vanquished Creatures
  2 necrophages
  A scorpion (D:4)
  A howler monkey (D:5)
  An iguana (D:4)
  8 adders
  A white imp (D:4)
  A dart slug (D:2)
  8 orcs
  6 ball pythons
  6 bats
  10 endoplasms
  4 giant cockroaches
  11 goblins
  4 hobgoblins
  4 quokkas
  2 frilled lizards
  6 kobolds
  2 rats
78 creatures vanquished.

Notes
Turn   | Place    | Note
-------+----------+-------------------------------------------
     0 | D:1      | qw the Ghoul Enchanter began the quest for the Orb.
     0 | D:1      | Reached XP level 1. HP: 14/14 MP: 2/2
     0 | D:1      | 0 ||| qw: Version: 0.1-a-104-g96f76f8
     0 | D:1      | 0 ||| qw: Game counter: 5884
     0 | D:1      | 0 ||| qw: Always use a shield: true
     0 | D:1      | 0 ||| qw: God list: Okawaru
     0 | D:1      | 0 ||| qw: Allow faded altars: false
     0 | D:1      | 0 ||| qw: Do Orc after D:15 true
     0 | D:1      | 0 ||| qw: Do second Lair branch before Depths: true
     0 | D:1      | 0 ||| qw: Lair rune preference: random
     0 | D:1      | 0 ||| qw: Plans: Normal
     0 | D:1      | 0 ||| PLANNING D:1-11
     1 | D:1      | 1 ||| DROPPING +1 dagger.
    62 | D:1      | Reached skill level 1 in Unarmed Combat
   209 | D:1      | 209 ||| Stepping ~*~*~tactically~*~*~ (stealth).
   210 | D:1      | 210 ||| Stepping ~*~*~tactically~*~*~ (stealth).
   213 | D:1      | Reached skill level 1 in Fighting
   213 | D:1      | Reached XP level 2. HP: 17/23 MP: 3/3
   213 | D:1      | 213 ||| Stepping ~*~*~tactically~*~*~ (stealth).
   221 | D:1      | 221 ||| Stepping ~*~*~tactically~*~*~ (outnumbered).
   270 | D:1      | 270 ||| Stepping ~*~*~tactically~*~*~ (stealth).
   318 | D:1      | 318 ||| Stepping ~*~*~tactically~*~*~ (stealth).
   347 | D:1      | Reached skill level 2 in Unarmed Combat
   481 | D:1      | 481 ||| Stepping ~*~*~tactically~*~*~ (stealth).
   483 | D:1      | 483 ||| Stepping ~*~*~tactically~*~*~ (stealth).
   485 | D:1      | 485 ||| Stepping ~*~*~tactically~*~*~ (stealth).
   557 | D:1      | Reached XP level 3. HP: 28/28 MP: 4/4
   572 | D:1      | 572 ||| Stepping ~*~*~tactically~*~*~ (stealth).
   704 | D:1      | 704 ||| Stepping ~*~*~tactically~*~*~ (stealth).
   706 | D:1      | 706 ||| Stepping ~*~*~tactically~*~*~ (stealth).
   713 | D:1      | 713 ||| UPGRADING to +0 ring mail.
   723 | D:1      | 723 ||| DROPPING +0 robe.
   724 | D:1      | 724 ||| READING scroll labelled VERGHO SEULYETZ.
   725 | D:1      | 725 ||| READING scroll labelled EGEPRO ENNIJ.
   728 | D:1      | 728 ||| READING scroll labelled FEANGE WUET.
   729 | D:1      | 729 ||| READING scroll labelled XOLYAM PECUGI.
   730 | D:1      | 730 ||| DROPPING 2 potions of invisibility.
   768 | D:2      | Found a faded altar of an unknown god.
   815 | D:2      | Reached skill level 3 in Unarmed Combat
  1011 | D:2      | 1011 ||| Stepping ~*~*~tactically~*~*~ (stealth).
  1290 | D:2      | HP: 7/28 [adder (2)]
  1291 | D:2      | 1291 ||| READING 2 scrolls of teleportation.
  1294 | D:2      | Reached XP level 4. HP: 11/35 MP: 5/5
  1294 | D:2      | 1294 ||| FLEEEEING.
  1295 | D:2      | 1295 ||| FLEEEEING.
  1691 | D:2      | 1691 ||| UPGRADING to +0 cloak.
  1696 | D:2      | 1696 ||| READING 2 scrolls labelled OLACUI NAHU.
  1697 | D:2      | 1697 ||| READING scroll labelled HARE EJOCVY.
  1798 | D:2      | 1798 ||| READING scroll labelled IRGHOC KOAN.
  1799 | D:2      | 1799 ||| DRINKING 2 coppery potions.
  1800 | D:2      | 1800 ||| DROPPING potion of degeneration.
  1801 | D:2      | 1801 ||| DROPPING scroll of magic mapping.
  1897 | D:3      | 1897 ||| Stepping ~*~*~tactically~*~*~ (stealth).
  1903 | D:3      | 1903 ||| Stepping ~*~*~tactically~*~*~ (stealth).
  1905 | D:3      | 1905 ||| Stepping ~*~*~tactically~*~*~ (stealth).
  1906 | D:3      | 1906 ||| Stepping ~*~*~tactically~*~*~ (stealth).
  1907 | D:3      | 1907 ||| Stepping ~*~*~tactically~*~*~ (stealth).
  1908 | D:3      | 1908 ||| Stepping ~*~*~tactically~*~*~ (stealth).
  2010 | D:3      | Reached skill level 4 in Unarmed Combat
  2258 | D:3      | Found an iron altar of Okawaru.
  2264 | D:3      | Found a sparkling altar of Nemelex Xobeh.
  2264 | D:3      | Found a broken altar of Ashenzari.
  2264 | D:3      | Found a stormy altar of Qazlal.
  2266 | D:3      | Became a worshipper of Warmaster Okawaru
  2268 | D:3      | Found a burning altar of Makhleb.
  2270 | D:3      | Found a basalt altar of Yredelemnul.
  2271 | D:3      | Found an opulent altar of Gozag.
  2453 | D:3      | 2453 ||| UPGRADING to +0 helmet.
  2458 | D:3      | 2458 ||| READING scroll labelled XOT WUIRIO.
  2459 | D:3      | 2459 ||| READING scroll labelled GIRI RUOQEOL.
  2460 | D:3      | 2460 ||| DRINKING 2 red potions.
  2577 | D:4      | 2577 ||| Stepping ~*~*~tactically~*~*~ (hiding).
  2579 | D:4      | 2579 ||| Stepping ~*~*~tactically~*~*~ (hiding).
  2587 | D:4      | Reached XP level 5. HP: 34/41 MP: 6/6
  2692 | D:4      | Reached skill level 5 in Unarmed Combat
  2858 | D:4      | 2858 ||| Stepping ~*~*~tactically~*~*~ (outnumbered).
  2859 | D:4      | 2859 ||| Stepping ~*~*~tactically~*~*~ (outnumbered).
  2861 | D:4      | 2861 ||| Stepping ~*~*~tactically~*~*~ (outnumbered).
  2862 | D:4      | 2862 ||| Stepping ~*~*~tactically~*~*~ (outnumbered).
  2863 | D:4      | 2863 ||| Stepping ~*~*~tactically~*~*~ (outnumbered).
  2864 | D:4      | 2864 ||| Stepping ~*~*~tactically~*~*~ (outnumbered).
  2868 | D:4      | Reached XP level 6. HP: 48/48 MP: 7/7
  2869 | D:4      | 2869 ||| Stepping ~*~*~tactically~*~*~ (outnumbered).
  2870 | D:4      | 2870 ||| Stepping ~*~*~tactically~*~*~ (outnumbered).
  2871 | D:4      | 2871 ||| Stepping ~*~*~tactically~*~*~ (outnumbered).
  2872 | D:4      | 2872 ||| Stepping ~*~*~tactically~*~*~ (outnumbered).
  2873 | D:4      | 2873 ||| Stepping ~*~*~tactically~*~*~ (outnumbered).
  3043 | D:4      | Found a hazy altar of Hepliaklqana.
  3102 | D:4      | Reached skill level 6 in Unarmed Combat
  3218 | D:4      | Found a staircase to the Ecumenical Temple.
  3442 | D:4      | 3442 ||| UPGRADING to +0 chain mail.
  3452 | D:4      | 3452 ||| DROPPING +0 ring mail.
  3453 | D:4      | 3453 ||| READING 3 scrolls labelled KAN UDUDAOTONO.
  3454 | D:4      | 3454 ||| DRINKING 2 glowing blue potions.
  3455 | D:4      | 3455 ||| READING 2 scrolls of identify.
  3455 | D:4      | 3455 ||| IDENTIFYING orange potion
  3456 | D:4      | 3456 ||| DROPPING potion of lignification.
  3457 | D:4      | 3457 ||| DROPPING potion of flight.
  3489 | D:5      | Entered Level 5 of the Dungeon
  3512 | D:5      | Found Relarol's General Store.
  3523 | D:5      | Reached skill level 1 in Armour
  3589 | D:5      | Reached skill level 3 in Fighting
  3593 | D:5      | 3593 ||| Stepping ~*~*~tactically~*~*~ (outnumbered).
  3595 | D:5      | 3595 ||| Stepping ~*~*~tactically~*~*~ (outnumbered).
  3596 | D:5      | 3596 ||| Stepping ~*~*~tactically~*~*~ (outnumbered).
  3597 | D:5      | 3597 ||| Stepping ~*~*~tactically~*~*~ (outnumbered).
  3598 | D:5      | 3598 ||| Stepping ~*~*~tactically~*~*~ (outnumbered).
  3599 | D:5      | 3599 ||| Stepping ~*~*~tactically~*~*~ (outnumbered).
  3600 | D:5      | HP: 8/51 [something/magic dart (5)]
  3601 | D:5      | 3601 ||| READING scroll of teleportation.
  3603 | D:5      | Slain by an orc

Levels and vault maps discovered:
D:1:      heliophobic_arrival_battle_scene, layout_rooms
D:2:      layout_loops_ring, shapermc_ecumenical_altar_mp_highgroup
D:3:      layout_loops_ring, minitemple
D:4:      layout_gridville, elyvilon_altar_3, worldfamousw_hep_ancestral_shrine,
          minmay_temple_entry_mist
D:5:      layout_basic, serial_shops, shop

Skill      XL: |  1  2  3  4  5  6 |
---------------+-------------------+-----
Unarmed Combat | 1 2 3 4 5 6 |  6.2
Fighting       | 1 2 3 |  3.0
Armour         | 1 |  1.4
Short Blades   | |  0.8
Dodging        | |  1.7
Stealth        | |  3.2
Spellcasting   | |  1.7
Hexes          | |  2.4

Action                   |  1- 3 |  4- 6 || total
-------------------------+-------+-------++-------
Melee: Unarmed           |   115 |   143 ||   258
       Punch             |     1 |     2 ||     3
Throw: Boomerang         |    33 |    64 ||    97
  Use: Scroll            |     5 |     8 ||    13
       Potion            |       |     3 ||     3
 Stab: Sleeping          |       |     1 ||     1
Armor: Robe              |     9 |       ||     9
       Ring mail         |    13 |    42 ||    55
       Chain mail        |       |    18 ||    18
Dodge: Dodged            |    53 |    59 ||   112

Table legend:
 A = Non-vault XP
 B = Vault XP
 C = Vault XP percentage of total XP
 D = Non-vault monster count
 E = Vault monster count
 F = Vault count percentage of total count
                 A         B        C        D         E       F
            +---------+---------+-------+---------+---------+-------
      Total |     585 |       0 |   0.0 |      78 |       0 |   0.0
            +---------+---------+-------+---------+---------+-------
        D:1 |      39 |       0 |   0.0 |      22 |       0 |   0.0
        D:2 |      58 |       0 |   0.0 |      20 |       0 |   0.0
        D:3 |      51 |       0 |   0.0 |      15 |       0 |   0.0
        D:4 |     286 |       0 |   0.0 |      16 |       0 |   0.0
        D:5 |     151 |       0 |   0.0 |       5 |       0 |   0.0
            +---------+---------+-------+---------+---------+-------
